3A
LOUISIANA DRAGOONS @ CAPE CORAL REEFERS
08/30/2038
 
TOP OF THE 1ST
Louisiana Dragoons batting - Pitching for Cape Coral Reefers : RHP Buzzy Grossman
Pitching: RHP Buzzy Grossman
Batting: RHB Colt Allen 0-0: Called Strike
0-1: Ball
1-1: Foul Ball, location: 2F
1-2: Strikes out looking
Batting: RHB Cristóbal Arteaga 0-0: Foul Ball, location: 2F
0-1: SINGLE (Groundball, 6MD, EV 104.4 MPH)
Batting: RHB Jun-soo Yi 0-0: Ball
Balk!
Cristóbal Arteaga to second
1-0: Ball
2-0: Ball
3-0: Base on Balls
Batting: RHB Jesse Garrett 0-0: Called Strike
0-1: Foul Ball, location: 2F
0-2: Grounds into double play, 4-6-3 (Groundball, 4, EV 100.6 MPH)
Top of the 1st over - 0 runs, 1 hit, 0 errors, 1 left on base; Louisiana 0 - Cape Coral 0
BOTTOM OF THE 1ST
Cape Coral Reefers batting - Pitching for Louisiana Dragoons : RHP Javier Solís
Pitching: RHP Javier Solís
Batting: LHB Pat Carter 0-0: Ball
1-0: Ground out 4-3 (Groundball, 34D, EV 106.9 MPH)
Batting: RHB Jeff Bowers 0-0: Ball
1-0: Foul Ball, location: 2F
1-1: Called Strike
1-2: Ball
2-2: SINGLE (Groundball, 25, EV 63.8 MPH) (infield hit)
Batting: RHB Sadiya Seth 0-0: Foul Ball, location: 2F
0-1: Ball
1-1: Ball
Jeff Bowers is caught stealing 2nd base 2-4
2-1: Ground out 6-3 (Groundball, 6, EV 80.6 MPH)
Bottom of the 1st over - 0 runs, 1 hit, 0 errors, 0 left on base; Louisiana 0 - Cape Coral 0
TOP OF THE 2ND
Louisiana Dragoons batting - Pitching for Cape Coral Reefers : RHP Buzzy Grossman
Batting: SHB Jason Pratt 0-0: Ball
1-0: Ball
2-0: Ball
3-0: Called Strike
3-1: Base on Balls
Batting: RHB Aubrey Callahan 0-0: Ball
1-0: Ball
2-0: Fly out, F9 (Flyball, 9LS, EV 93.8 MPH)
Batting: LHB Rashid Jeltkov 0-0: Called Strike
0-1: Swinging Strike
0-2: Ball
1-2: Strikes out swinging
Batting: RHB Adam Cunningham 0-0: Ball
1-0: Called Strike
1-1: Ball
2-1: Foul Ball, location: 2F
2-2: Ground out 4-3 (Groundball, 4, EV 82.5 MPH)
Top of the 2nd over - 0 runs, 0 hits, 0 errors, 1 left on base; Louisiana 0 - Cape Coral 0
BOTTOM OF THE 2ND
Cape Coral Reefers batting - Pitching for Louisiana Dragoons : RHP Javier Solís
Batting: RHB Axel Ruschmeyer 0-0: Ball
1-0: Called Strike
1-1: Called Strike
1-2: Strikes out looking
Batting: LHB Bob Giles 0-0: Swinging Strike
0-1: Hit by Pitch
Batting: LHB Fernando Negrete 0-0: Ball
1-0: Ball
2-0: Ball
3-0: Base on Balls
Bob Giles to second
Batting: RHB Jackson Cluff 0-0: Ball
1-0: Foul Ball, location: 2F
1-1: Foul Ball, location: 2F
1-2: Strikes out looking
Batting: RHB Jim Robbins 0-0: Foul Ball, location: 2F
0-1: Called Strike
0-2: Ball
1-2: Ball
2-2: Strikes out looking
Bottom of the 2nd over - 0 runs, 0 hits, 0 errors, 2 left on base; Louisiana 0 - Cape Coral 0
TOP OF THE 3RD
Louisiana Dragoons batting - Pitching for Cape Coral Reefers : RHP Buzzy Grossman
Batting: SHB Ron Carlisle 0-0: Called Strike
0-1: Swinging Strike
0-2: Ball
1-2: Ball
2-2: Ground out 2-3 (Groundball, 15S, EV 78.1 MPH)
Batting: RHB Colt Allen 0-0: Ball
1-0: Ball
2-0: Ball
3-0: Called Strike
3-1: Called Strike
3-2: Fly out, F8 (Flyball, 8LXD, EV 92.5 MPH)
Batting: RHB Cristóbal Arteaga 0-0: Called Strike
0-1: Foul Ball, location: 2F
0-2: Ground out 6-3 (Groundball, 56, EV 85.6 MPH)
Top of the 3rd over - 0 runs, 0 hits, 0 errors, 0 left on base; Louisiana 0 - Cape Coral 0
BOTTOM OF THE 3RD
Cape Coral Reefers batting - Pitching for Louisiana Dragoons : RHP Javier Solís
Batting: RHB Dave Hill 0-0: Called Strike
0-1: Foul Ball, location: 2F
0-2: Strikes out swinging
Batting: LHB Pat Carter 0-0: Foul Ball, location: 2F
0-1: Foul Ball, location: 2F
0-2: Ball
1-2: Ball
2-2: Strikes out swinging
Batting: RHB Jeff Bowers 0-0: Called Strike
0-1: Ball
1-1: Swinging Strike
1-2: DOUBLE (Line Drive, 78M, EV 91.9 MPH)
Batting: RHB Sadiya Seth 0-0: 2-RUN HOME RUN (Flyball, 7D, EV 93.1 MPH), Distance : 368 ft
Batting: RHB Axel Ruschmeyer 0-0: Ball
1-0: Foul Ball, location: 2F
1-1: Swinging Strike
1-2: Ball
2-2: Foul Ball, location: 2F
2-2: Strikes out swinging
Bottom of the 3rd over - 2 runs, 2 hits, 0 errors, 0 left on base; Louisiana 0 - Cape Coral 2
TOP OF THE 4TH
Louisiana Dragoons batting - Pitching for Cape Coral Reefers : RHP Buzzy Grossman
Batting: RHB Jun-soo Yi 0-0: Called Strike
0-1: Ball
1-1: Ball
2-1: Ball
3-1: Swinging Strike
3-2: Ground out 6-3 (Groundball, 6, EV 79.4 MPH)
Batting: RHB Jesse Garrett 0-0: Called Strike
0-1: Ball
1-1: Swinging Strike
1-2: Strikes out looking
Batting: SHB Jason Pratt 0-0: Ball
1-0: Ball
2-0: Ball
3-0: Called Strike
3-1: Base on Balls
Batting: RHB Aubrey Callahan 0-0: Ball
1-0: Ball
2-0: Ball
3-0: Base on Balls
Jason Pratt to second
Batting: LHB Rashid Jeltkov 0-0: Called Strike
0-1: Fielders Choice at 2nd, 6-4 (Groundball, 6, EV 90.0 MPH)
Top of the 4th over - 0 runs, 0 hits, 0 errors, 2 left on base; Louisiana 0 - Cape Coral 2
BOTTOM OF THE 4TH
Cape Coral Reefers batting - Pitching for Louisiana Dragoons : RHP Javier Solís
Batting: LHB Bob Giles 0-0: Swinging Strike
0-1: Ball
1-1: Called Strike
1-2: Ground out 6-3 (Groundball, 6, EV 101.9 MPH)
Batting: LHB Fernando Negrete 0-0: Ball
1-0: Fly out, F9 (Flyball, 89S, EV 87.5 MPH)
Batting: RHB Jackson Cluff 0-0: Ball
1-0: Foul Ball, location: 2F
1-1: Called Strike
1-2: Ball
2-2: Strikes out looking
Bottom of the 4th over - 0 runs, 0 hits, 0 errors, 0 left on base; Louisiana 0 - Cape Coral 2
TOP OF THE 5TH
Louisiana Dragoons batting - Pitching for Cape Coral Reefers : RHP Buzzy Grossman
Batting: RHB Adam Cunningham 0-0: SINGLE (Groundball, 56D, EV 104.4 MPH)
Batting: SHB Ron Carlisle 0-0: Fly out, F9 (Flyball, 9LM, EV 97.5 MPH)
Batting: RHB Colt Allen 0-0: Foul Ball, location: 2F
0-1: Foul Ball, location: 2F
0-2: Strikes out swinging
Batting: RHB Cristóbal Arteaga 0-0: Swinging Strike
0-1: Ball
1-1: Ground out 6-3 (Groundball, 6, EV 88.1 MPH)
Top of the 5th over - 0 runs, 1 hit, 0 errors, 1 left on base; Louisiana 0 - Cape Coral 2
BOTTOM OF THE 5TH
Cape Coral Reefers batting - Pitching for Louisiana Dragoons : RHP Javier Solís
Batting: RHB Jim Robbins 0-0: Ball
1-0: Called Strike
1-1: SINGLE (Line Drive, 78M, EV 101.2 MPH)
Batting: RHB Dave Hill 0-0: Sac Bunt to 15S - play at first, batter OUT! 1-3
Jim Robbins to second
Batting: LHB Pat Carter 0-0: Called Strike
0-1: Swinging Strike
0-2: Ball
1-2: Ball
2-2: Ball
3-2: Strikes out looking
Batting: RHB Jeff Bowers 0-0: Foul Ball, location: 2F
0-1: Ground out 6-3 (Groundball, 6M, EV 85.6 MPH)
Bottom of the 5th over - 0 runs, 1 hit, 0 errors, 1 left on base; Louisiana 0 - Cape Coral 2
TOP OF THE 6TH
Louisiana Dragoons batting - Pitching for Cape Coral Reefers : RHP Buzzy Grossman
Batting: RHB Jun-soo Yi 0-0: Fly out, F9 (Flyball, 9LS, EV 88.8 MPH)
Batting: RHB Jesse Garrett 0-0: Ball
1-0: Called Strike
1-1: Ball
2-1: Foul Ball, location: 2F
2-2: Foul Ball, location: 2F
2-2: Ball
3-2: Base on Balls
Batting: SHB Jason Pratt 0-0: Fly out, F9 (Flyball, 9LM, EV 95.0 MPH)
Batting: RHB Aubrey Callahan 0-0: Swinging Strike
0-1: Ball
1-1: SINGLE (Groundball, 56D, EV 103.1 MPH)
Jesse Garrett to second
Batting: LHB Rashid Jeltkov 0-0: Swinging Strike
0-1: Swinging Strike
0-2: Strikes out swinging
Top of the 6th over - 0 runs, 1 hit, 0 errors, 2 left on base; Louisiana 0 - Cape Coral 2
BOTTOM OF THE 6TH
Cape Coral Reefers batting - Pitching for Louisiana Dragoons : RHP Javier Solís
Batting: RHB Sadiya Seth 0-0: Foul Ball, location: 2F
0-1: Foul Ball, location: 2F
0-2: Ball
1-2: Ball
2-2: Foul Ball, location: 2F
2-2: Ground out 4-3 (Groundball, 4, EV 85.6 MPH)
Batting: RHB Axel Ruschmeyer 0-0: Ball
1-0: TRIPLE (Flyball, 9D, EV 106.2 MPH)
Batting: LHB Bob Giles 0-0: Called Strike
0-1: Ground out 4-3 (Groundball, 4, EV 81.9 MPH)
Batting: LHB Fernando Negrete 0-0: Ball
1-0: Ball
2-0: Called Strike
2-1: Fly out, F5 (Popup, 5SF, EV 79.4 MPH)
Bottom of the 6th over - 0 runs, 1 hit, 0 errors, 1 left on base; Louisiana 0 - Cape Coral 2
TOP OF THE 7TH
Louisiana Dragoons batting - Pitching for Cape Coral Reefers : RHP Buzzy Grossman
Batting: RHB Adam Cunningham 0-0: Ball
1-0: Foul Ball, location: 2F
1-1: Called Strike
1-2: Strikes out swinging
Batting: SHB Ron Carlisle 0-0: Ball
1-0: Foul Ball, location: 2F
1-1: Foul Ball, location: 2F
1-2: Foul Ball, location: 2F
1-2: Strikes out looking
Batting: RHB Colt Allen 0-0: Called Strike
0-1: Ball
1-1: SOLO HOME RUN (Flyball, 78XD, EV 100.0 MPH), Distance : 404 ft
Batting: RHB Cristóbal Arteaga 0-0: Called Strike
0-1: Foul Ball, location: 2F
0-2: Ball
1-2: Strikes out swinging, 2-3 out at first.
Top of the 7th over - 1 run, 1 hit, 0 errors, 0 left on base; Louisiana 1 - Cape Coral 2
BOTTOM OF THE 7TH
Cape Coral Reefers batting - Pitching for Louisiana Dragoons : RHP Javier Solís
Pitching: RHP Waylon Fraser
Batting: RHB Jackson Cluff 0-0: Foul Ball, location: 2F
0-1: Called Strike
0-2: Ball
1-2: Ball
2-2: Ball
3-2: Ground out 5-3 (Groundball, 56, EV 98.1 MPH)
Batting: RHB Jim Robbins 0-0: Foul Ball, location: 2F
0-1: Swinging Strike
0-2: Strikes out swinging
Batting: RHB Dave Hill 0-0: Ball
1-0: Ball
2-0: Swinging Strike
2-1: Ball
3-1: Swinging Strike
3-2: Base on Balls
Batting: LHB Pat Carter 0-0: Ball
1-0: Ball
2-0: Called Strike
2-1: Ball
3-1: SINGLE (Groundball, 4MD, EV 103.1 MPH)
Dave Hill to second
Batting: RHB Jeff Bowers 0-0: Called Strike
0-1: Swinging Strike
0-2: Strikes out swinging passed ball, reaches first!
Dave Hill to third
Pat Carter to second
Batting: RHB Sadiya Seth 0-0: Ball
1-0: Called Strike
1-1: Reached on error, E6 (Groundball, 6, EV 84.4 MPH)
Dave Hill scores
Pat Carter to third
Jeff Bowers to second
Batting: RHB Axel Ruschmeyer 0-0: Ball
1-0: Ball
2-0: Ball
3-0: Called Strike
3-1: Swinging Strike
3-2: Foul Ball, location: 2F
3-2: Strikes out looking
Bottom of the 7th over - 1 run, 1 hit, 1 error, 3 left on base; Louisiana 1 - Cape Coral 3
TOP OF THE 8TH
Louisiana Dragoons batting - Pitching for Cape Coral Reefers : RHP Buzzy Grossman
Pitching: LHP Mamadou Boutin
Batting: RHB Jun-soo Yi 0-0: Foul Ball, location: 2F
0-1: Swinging Strike
0-2: Strikes out swinging
Batting: RHB Jesse Garrett 0-0: Foul Ball, location: 2F
0-1: Swinging Strike
0-2: Foul Ball, location: 2F
0-2: Ball
1-2: Strikes out swinging
Batting: SHB Jason Pratt 0-0: Ground out 4-3 (Groundball, 4, EV 95.6 MPH)
Top of the 8th over - 0 runs, 0 hits, 0 errors, 0 left on base; Louisiana 1 - Cape Coral 3
BOTTOM OF THE 8TH
Cape Coral Reefers batting - Pitching for Louisiana Dragoons : RHP Waylon Fraser
Batting: LHB Bob Giles 0-0: Called Strike
0-1: Called Strike
0-2: Foul Ball, location: 2F
0-2: Ball
1-2: Ball
2-2: Ball
3-2: Ground out 6-3 (Groundball, 6, EV 106.9 MPH)
Batting: LHB Fernando Negrete 0-0: Foul Ball, location: 2F
0-1: Ball
1-1: Called Strike
1-2: Ball
2-2: DOUBLE (Flyball, 78XD, EV 117.5 MPH)
Batting: RHB Jackson Cluff 0-0: Intentional Walk
Pitching: RHP Roy Lowe
Batting: RHB Jim Robbins 0-0: Called Strike
0-1: Ball
1-1: Foul Ball, location: 2F
1-2: Strikes out swinging
Batting: RHB Dave Hill 0-0: Called Strike
0-1: Ball
1-1: Ball
2-1: Ball
3-1: Swinging Strike
3-2: Fly out, F9 (Flyball, 9D, EV 102.5 MPH)
Bottom of the 8th over - 0 runs, 1 hit, 0 errors, 2 left on base; Louisiana 1 - Cape Coral 3
TOP OF THE 9TH
Louisiana Dragoons batting - Pitching for Cape Coral Reefers : LHP Mamadou Boutin
Pitching: RHP Bill Glenn
Batting: RHB Aubrey Callahan 0-0: Foul Ball, location: 2F
0-1: Foul Ball, location: 2F
0-2: Foul Ball, location: 2F
0-2: Fly out, F8 (Flyball, 8RM, EV 95.0 MPH)
Batting: LHB Rashid Jeltkov 0-0: Foul Ball, location: 2F
0-1: Swinging Strike
0-2: Strikes out looking
Batting: RHB Adam Cunningham 0-0: Ball
1-0: Called Strike
1-1: Foul Ball, location: 2F
1-2: Strikes out swinging
Top of the 9th over - 0 runs, 0 hits, 0 errors, 0 left on base; Louisiana 1 - Cape Coral 3
Friday, April 17th, 2020 - OOTP Baseball 20.8 Build 74